 Dungeon Crawl Stone Soup version 0.18-b1-2-gd0c887e (webtiles) character file.

249 graki42 the Magician (level 5, 0/28 HPs)
             Began as a Deep Elf Fire Elementalist on Apr 28, 2016.
             Slain by Duvessa
             ... wielding a +3 short sword of protection
              (8 damage)
             ... on level 4 of the Dungeon on Apr 29, 2016.
             The game lasted 00:27:13 (2437 turns).

graki42 the Magician (Deep Elf Fire Elementalist)   Turns: 2437, Time: 00:27:14

Health: 0/28       AC:  2    Str:  6    XL:     5   Next: 87%
Magic:  2/14       EV: 13    Int: 20    God:
Gold:   205        SH:  0    Dex: 15    Spells: 4 memorised, 2 levels left

rFire  . . .     SeeInvis .     k - +0 dagger
rCold  . . .     Gourm    .     n - +0 robe
rNeg   . . .     Faith    .     (no shield)
rPois  .         Spirit   .     (no helmet)
rElec  .         Dismiss  .     (no cloak)
rCorr  .         Reflect  .     (no gloves)
SustAt .         Harm     .     (no boots)
MR     .....                    (no amulet)
Stlth  ++........               (no ring)
                                (no ring)

@: not resistant to hostile enchantments, unstealthy
A: no striking features
a: no special abilities


You were on level 4 of the Dungeon.
You were hungry.

You visited 1 branch of the dungeon, and saw 4 of its levels.

You collected 205 gold pieces.

Inventory:

Hand Weapons
 k - a +0 dagger (weapon)
Armour
 n - a +0 robe (worn)
Scrolls
 a - a scroll of enchant weapon {unknown}
 d - a scroll of teleportation {unknown}
 e - 4 scrolls of identify {unknown}
 g - 3 scrolls of remove curse {unknown}
 o - 5 scrolls of immolation {unknown}
Potions
 i - a potion of curing {unknown}
 j - 2 potions of degeneration {unknown}
 l - 2 potions of lignification {unknown}
 m - a potion of cancellation {unknown}
Books
 b - a book of Flames

   Spells                             Type                      Level
   a - Flame Tongue                   Conjuration/Fire             1
   b - Throw Flame                    Conjuration/Fire             2
   c - Conjure Flame                  Conjuration/Fire             3
   d - Inner Flame                    Hexes/Fire                   3
   e - Sticky Flame                   Conjuration/Fire             4
   f - Fireball                       Conjuration/Fire             5
Comestibles
 c - a bread ration
 f - 2 meat rations
 h - a beef jerky


   Skills:
 + Level 0.8 Fighting
 + Level 3.3 Dodging
 + Level 2.9 Stealth
 + Level 0.1 Unarmed Combat
 + Level 4.7 Spellcasting
 * Level 3.7 Conjurations
 + Level 4.4 Fire Magic


You had 2 spell levels left.
You knew the following spells:

 Your Spells              Type           Power        Failure   Level  Hunger
a - Flame Tongue          Conj/Fire      ###..        2%          1    None
b - Conjure Flame         Conj/Fire      ###.....     10%         3    ##.....
c - Inner Flame           Hex/Fire       ##......     17%         3    ##.....
d - Sticky Flame          Conj/Fire      ###.....     24%         4    ####...


Dungeon Overview and Level Annotations

Branches:
Dungeon (4/15)
 Temple: D:4-7

Altars:
Gozag
Okawaru
Qazlal
Sif Muna
Zin
Beogh

Annotations:
D:4 Dowan, Duvessa


Message History

Aim: Duvessa, wielding a short sword of protection (severely wounded, fast)
Okay, then.
Casting: Sticky Flame
Confirm with . or Enter, or press ? or * to list all spells.
Aiming: Flame Tongue
Press: ? - help, Shift-Dir - straight line, f/p - Duvessa
Aim: Duvessa, wielding a short sword of protection (severely wounded, fast)
The flame tongue hits Duvessa.
Duvessa is almost dead.
Duvessa hits you with a short sword of protection.
* * * LOW HITPOINT WARNING * * *
Casting: Flame Tongue
Confirm with . or Enter, or press ? or * to list all spells.
Aiming: Flame Tongue
Press: ? - help, Shift-Dir - straight line, f/p - Duvessa
Aim: Duvessa, wielding a short sword of protection (almost dead, fast)
The flame tongue hits Duvessa.
Duvessa appears unharmed.
Duvessa is almost dead.
Duvessa hits you with a short sword of protection!
You die...

#...^...(..## #.#........
#######.#..## #.......###
........#...####.......?.
#######..........$..#.###
#.#...####e#### #.#..##
#.# #...... #.# ###.##.#
#e# #.# .# #@# #.# # #.#
.. #.# #.# .#. # #


You could see Duvessa and Dowan (inner flame).

Vanquished Creatures
  The ghost of F1L1N the Cudgeler, an amateur FoCK of Xom (D:3)
  An orc wizard (D:3)
  7 adders
  A dart slug (D:3)
  2 giant geckos
  3 orcs (D:3)
  5 bats
  A giant cockroach (D:1)
  7 goblins
  13 hobgoblins
  4 jackals (D:1)
  2 quokkas
  A ball python (D:1)
  3 giant newts
  7 kobolds
  7 rats
65 creatures vanquished.

Notes
Turn   | Place    | Note
--------------------------------------------------------------
     0 | D:1      | graki42 the Deep Elf Fire Elementalist began the quest for the Orb.
     0 | D:1      | Reached XP level 1. HP: 10/10 MP: 6/6
    76 | D:1      | Found a roughly hewn altar of Beogh.
    76 | D:1      | Noticed an orc wizard
    76 | D:1      | Noticed an orc wizard
    76 | D:1      | Noticed an orc warrior
   265 | D:1      | Reached XP level 2. HP: 14/15 MP: 0/8
   752 | D:2      | Reached XP level 3. HP: 20/20 MP: 6/10
  1184 | D:2      | Reached XP level 4. HP: 24/24 MP: 8/11
  1270 | D:2      | Learned a level 3 spell: Conjure Flame
  1274 | D:2      | Learned a level 3 spell: Inner Flame
  1279 | D:2      | Learned a level 4 spell: Sticky Flame
  1322 | D:2      | Found a deep blue altar of Sif Muna.
  1774 | D:3      | Reached XP level 5. HP: 26/28 MP: 5/13
  1876 | D:3      | Found an iron altar of Okawaru.
  1917 | D:3      | Found an opulent altar of Gozag.
  1937 | D:3      | Noticed F1L1N's ghost (amateur FoCK)
  1951 | D:3      | Killed F1L1N's ghost
  1988 | D:3      | Found a stormy altar of Qazlal.
  1990 | D:3      | Noticed a fire elemental
  1991 | D:3      | Noticed a water elemental
  1991 | D:3      | Noticed an air elemental
  2208 | D:3      | Found a glowing silver altar of Zin.
  2210 | D:3      | Found an opulent altar of Gozag.
  2419 | D:4      | Noticed Duvessa
  2420 | D:4      | Noticed Dowan
  2437 | D:4      | Slain by Duvessa

Skill      XL: |  1  2  3  4 |
---------------+-------------+-----
Conjurations   | 2 3 |  3.7
Spellcasting   | 4 |  4.7
Dodging        | 3 |  3.3
Fire Magic     | 4 |  4.4
Fighting       | |  0.8
Stealth        | |  2.9
Unarmed Combat | |  0.1

Action                   |  1- 3 |  4- 6 || total
-------------------------+-------+-------++-------
Melee: Unarmed           |     3 |       ||     3
       Dagger            |       |     2 ||     2
 Cast: Flame Tongue      |    61 |    44 ||   105
       Inner Flame       |       |     4 ||     4
       Conjure Flame     |       |     3 ||     3
       Sticky Flame      |       |     1 ||     1
  Eat: Chunk             |     1 |     3 ||     4
Armor: Robe              |     3 |       ||     3
Dodge: Dodged            |    24 |     8 ||    32
